 Dungeon Crawl Stone Soup version 0.31-a0-1074-g0b22e4e0f1 (webtiles) character file.

Game seed: 10448925538990089233

105 Hubris850 the Digger (level 4, 0/24 HPs)
             Began as a Deep Elf Earth Elementalist on Nov 29, 2023.
             Slain by a sleepcap (2 damage)
             ... on level 3 of the Dungeon.
             The game lasted 00:07:34 (2496 turns).

Hubris850 the Digger (Deep Elf Earth Elementalist)  Turns: 2496, Time: 00:07:35

Health: 0/24       AC:  6    Str:  5    XL:     4   Next: 53%
Magic:  7/12       EV: 13    Int: 22    God:
Gold:   134        SH:  0    Dex: 15    Spells: 5/11 levels left

rFire   . . .        n - +2 dagger (speed)
rCold   . . .        (no shield)
rNeg    . . .        a - +0 robe
rPois   .            l - +1 helmet
rElec   .            u - +0 cloak
rCorr   .            c - +0 pair of gloves
SInv    .            (no boots)
Will    .....        (no amulet)
Stlth   ++           j - ring of wizardry
HPRegen 0.24/turn    (no ring)
MPRegen 0.13/turn

%: wizardry (x1)
@: no status effects
A: no striking features
a: no special abilities


You were on level 3 of the Dungeon.
You visited 1 branch of the dungeon, and saw 3 of its levels.

You collected 134 gold pieces.

Inventory:

Hand Weapons
 k - a +3 quarterstaff of chaos
 n - a +2 dagger of speed (weapon)
 p - a +1 sling of freezing
Missiles
 d - 2 atropa-tipped darts
 t - 3 darts of dispersal
 w - 3 javelins
Armour
 a - a +0 robe (worn)
 c - a +0 pair of gloves (worn)
 l - a +1 helmet (worn)
 u - a +0 cloak (worn)
Jewellery
 j - a ring of wizardry (left hand)
Scrolls
 e - a scroll of butterflies {unknown}
 f - a scroll of immolation {unknown}
 g - 3 scrolls of identify {unknown}
 h - a scroll of amnesia {unknown}
 r - a scroll of teleportation {unknown}
 s - a scroll of enchant armour {unknown}
 v - a scroll of poison {unknown}
 x - a scroll of enchant weapon {unknown}
Potions
 b - a potion of magic
 i - a potion of mutation {unknown}
 m - a potion of degeneration {unknown}
 o - a potion of curing {unknown}
 q - a potion of attraction {unknown}


   Skills:
 - Level 3.2 Dodging
 - Level 3.0 Stealth
 + Level 4.1 Spellcasting
 + Level 2.5 Transmutations
 + Level 4.1 Earth Magic


You had 5 spell levels left.
You knew the following spells:

 Your Spells              Type           Power      Damage    Failure   Level
a - Sandblast             Erth           44%        2d11      1%          1
b - Passwall              Tmut/Erth      15%        N/A       1%          2
c - Stone Arrow           Conj/Erth      26%        3d8       6%          3

Your spell library contained the following spells:

 Spells                   Type           Power      Damage    Failure   Level
 Petrify                  Tmut/Erth      19%        N/A       12%         4
 Dazzling Flash           Conj/Hex       8%         N/A       13%         3
 Volatile Blastmotes      Fire/Tloc      8%         2d10      13%         3
 Brom's Barrelling Bould  Conj/Erth      13%        2d4       19%         4
 Starburst                Conj/Fire      2%         6d3       99%         6
 Maxwell's Capacitive Co  Air            2%         ∞         100%        8


Dungeon Overview and Level Annotations

Branches:
Dungeon (3/15)

Altars:
Yredelemnul


Message History

You hit the sleepcap.
The sleepcap is severely damaged.
The sleepcap releases spores at you.
You hit the sleepcap but do no damage.
The sleepcap is severely damaged.
The sleepcap releases spores at you.
* * * LOW HITPOINT WARNING * * *
You are engulfed in a cloud of soporific spores!
You are unaffected.
You hit the sleepcap but do no damage.
The sleepcap is severely damaged.
The sleepcap closely misses you.
Casting: Sandblast (safe; 1% risk of failure)
Confirm with . or Enter, or press ? or * to list all spells.
Aiming: Sandblast (safe; 1% risk of failure)
Press: ? - help, Shift-Dir - straight line, f/p - sleepcap
Aim: a sleepcap (severely damaged, 100% to hit)
The blast of sand hits the sleepcap but does no damage.
The sleepcap is severely damaged.
The sleepcap releases spores at you but does no damage.
Unknown command.
Casting: Sandblast (safe; 1% risk of failure)
Confirm with . or Enter, or press ? or * to list all spells.
Aiming: Sandblast (safe; 1% risk of failure)
Press: ? - help, Shift-Dir - straight line, f/p - sleepcap
Aim: a sleepcap (severely damaged, 100% to hit)
The blast of sand hits the sleepcap.
The sleepcap is severely damaged.
The sleepcap releases spores at you.
* * * LOW HITPOINT WARNING * * *
The sleepcap closely misses you.
Casting: Sandblast (safe; 1% risk of failure)
Confirm with . or Enter, or press ? or * to list all spells.
Aiming: Sandblast (safe; 1% risk of failure)
Press: ? - help, Shift-Dir - straight line, f/p - sleepcap
Aim: a sleepcap (severely damaged, 100% to hit)
The blast of sand hits the sleepcap but does no damage.
The sleepcap is severely damaged.
The sleepcap releases spores at you.
You die...

##...## #. .#
##.....## #. ##.#
##.......##
#.#.#.##
###.........#
.....>#
...)........+
......
#...........#
#...#
##.........## #..#
#.#......## #f#
#.#.#...## #@#
#...##'## #.#
#.####.# #.# #.#
#.# #.# ..#
##.########.#
##........##.# .
#)....###.##.#
...###...## #.##.#
#.........###.##.#


You could see a sleepcap.

Vanquished Creatures
  Crazy Yiuf (D:2)
  Robin (D:2)
  A worm (D:2)
  A dart slug (D:2)
  6 bats
  3 endoplasms
  A giant cockroach (D:1)
  12 goblins
  7 hobgoblins
  3 jackals (D:1)
  6 ball pythons
  3 frilled lizards (D:1)
  5 kobolds
  5 rats
55 creatures vanquished.

Notes
Turn   | Place    | Note
-------+----------+-------------------------------------------
     0 | D:1      | Hubris850 the Deep Elf Earth Elementalist began the quest
                  | for the Orb.
     0 | D:1      | Reached XP level 1. HP: 10/10 MP: 6/6
   203 | D:1      | Reached XP level 2. HP: 15/15 MP: 6/8
  1205 | D:2      | Reached XP level 3. HP: 19/19 MP: 7/9
  1255 | D:2      | Learned a level 2 spell: Passwall
  1259 | D:2      | Learned a level 3 spell: Stone Arrow
  1522 | D:2      | Found a basalt altar of Yredelemnul.
  1539 | D:2      | Noticed Robin
  1565 | D:2      | Killed Robin
  1659 | D:2      | Reached XP level 4. HP: 24/24 MP: 9/11
  1904 | D:2      | Found a runed translucent door.
  1905 | D:2      | Noticed Crazy Yiuf
  2040 | D:2      | Killed Crazy Yiuf
  2495 | D:3      | HP: 1/24 [sleepcap (2)]
  2496 | D:3      | Slain by a sleepcap

Illustrated notes

Levels and vault maps discovered:
D:1:      dpeg_arrival_pits, layout_basic
D:2:      layout_basic, basic_altar, uniq_crazy_yiuf_cottage, uniq_robin
D:3:      layout_loops_corners, jmf_multi_god_temple2

Skill      XL: |  1  2  3  4 |
---------------+-------------+-----
Stealth        | 3 |  3.0
Dodging        | 3 |  3.2
Transmutations | 2 |  2.5
Spellcasting   | 4 |  4.1
Earth Magic    | 4 |  4.1

Action                     |  1- 3 |  4- 6 || total
---------------------------+-------+-------++-------
  Melee: Dagger            |     9 |     6 ||    15
   Cast: Sandblast         |    58 |    21 ||    79
    Use: Potion            |       |     1 ||     1
 Armour: Robe              |     5 |    11 ||    16
  Dodge: Dodged            |     9 |     9 ||    18

Table legend: (Time is in decaauts)
 A = Elapsed time spent in this place.
 B = Non-inter-level travel time spent in this place.
 C = Inter-level travel time spent in this place.
 D = Time resting spent in this place.
 E = Time spent auto-exploring this place.
 F = Levels seen in this place.
 G = Mean time per level.
                   A        B        C        D        E       F      G
               +--------+--------+--------+--------+--------+-----+--------+
         Total |   2510 |   2375 |    135 |    138 |   1863 |   3 |  836.7 |
       Dungeon |   2510 |   2375 |    135 |    138 |   1863 |   3 |  836.7 |
               +--------+--------+--------+--------+--------+-----+--------+

Top non-repeatable levels by time:
     D:1: 1169 daAuts
     D:2: 1023 daAuts
     D:3: 317 daAuts
